 Dungeon Crawl Stone Soup version 0.28-a0-1412-gf95308ed99 (webtiles) character file.

Game seed: 15119694790972209772

158675 flotson the Fighter (level 17, -5/140 HPs)
             Began as a Demonspawn Gladiator on Jan 6, 2022.
             Was an Initiate of Gozag.
             Slain by an azure jelly (17 damage)
             ... on level 2 of the Elven Halls.
             The game lasted 01:07:02 (30029 turns).

flotson the Fighter (Demonspawn Gladiator)         Turns: 30029, Time: 01:07:04

Health: -5/140     AC: 20    Str: 36    XL:     17   Next: 14%
Magic:  0/17       EV: 16    Int:  9    God:    Gozag
Gold:   2287       SH: 18    Dex: 19    Spells: 16/16 levels left

rFire   + . .      SeeInvis .   a - +8 mithril axe "Arga" {speed, Will+}
rCold   . . .      Faith    .   U - +0 tower shield
rNeg    . . .      Spirit   +   V - +4 scale mail of the Vaults {Str+6}
rPois   +          Reflect  .   P - +2 hat of the Bear Spirit {Spirit, *Rage Will++}
rElec   .          Harm     .   G - scarf {repulsion}
rCorr   +          Rampage  .   g - +0 pair of gloves
Will    +++++      Rage     20% (no boots)
Stlth   +.........              p - amulet of regeneration
HPRegen 1.13/turn               A - ring "Qief Dovo" {Fire Str+7 Dex+2}
MPRegen 0.15/turn               Z - ring of Cuthon {rC+ Will+ rCorr Dex+2 Stlth+}

@: lethally poisoned (-5 -> -6), on berserk cooldown, slowed, studying Fighting,
repel missiles, very slow
A: claws 2, slimy green scales 3, demonic guardian 2, spiny 2
a: Renounce Religion, Potion Petition, Call Merchant, Bribe Branch


You were on level 2 of the Elven Halls.
You worshipped Gozag.
Gozag was most pleased with you.
You visited 5 branches of the dungeon, and saw 26 of its levels.
You also visited: Bailey.

You collected 9706 gold pieces.
You spent 4382 gold pieces at shops.
You paid 3037 gold pieces to Gozag.

Inventory:

Hand Weapons
 a - the +8 mithril axe "Arga" (weapon) {speed, Will+}
   (You acquired it on level 2 of the Orcish Mines)

   Attacks with this weapon are significantly faster.
   Will:      It increases your willpower.
 b - the +11 hunting sling of the Skies Above {flame, rC++}
   (You found it on level 2 of the Dungeon)

   Any ammunition fired from it burns those it strikes, dealing additional fire
   damage.
   rC:        It greatly protects you from cold.
 c - the +3 hand crossbow of Wuisa {penet, rF+}
   (You found it on level 1 of the Lair of Beasts)

   Any ammunition fired by it passes through the targets it hits, potentially
   hitting all targets in its path until it reaches maximum range.
   rF:        It protects you from fire.
 d - the +10 dark maul {vorpal}
   (You took it off a two-headed ogre on level 1 of the Orcish Mines)

   It inflicts extra damage upon your enemies.
Missiles
 f - 5 throwing nets
 k - 16 sling bullets
 C - 15 curare-tipped darts (quivered)
 I - 275 stones
 M - 4 atropa-tipped darts
 N - 4 datura-tipped darts
 W - 172 bolts
Armour
 g - a +0 pair of gloves (worn)
 G - a scarf of repulsion (worn)
 P - the +2 hat of the Bear Spirit (worn) {Spirit, *Rage Will++}
   (You bought it in a shop on level 2 of the Orcish Mines)

   Going berserk makes the wearer tougher, and they're slowed less afterward.
   *Rage:     It berserks you when you make melee attacks (+20% chance).
   Will:      It greatly increases your willpower.
 U - a +0 tower shield (worn)
 V - the +4 scale mail of the Vaults (worn) {Str+6}
   (You bought it in a shop on level 2 of the Orcish Mines)

   Str:       It affects your strength (+6).
Jewellery
 l - a ring of flight
 p - an amulet of regeneration (around neck)
 A - the ring "Qief Dovo" (left hand) {Fire Str+7 Dex+2}
   (You bought it in a shop on level 2 of the Orcish Mines)

   [ring of fire]

   It enhances your fire magic.
   Str:       It affects your strength (+7).
   Dex:       It affects your dexterity (+2).
   rF:        It protects you from fire.
   rC:        It makes you vulnerable to cold.
 Z - the ring of Cuthon (right hand) {rC+ Will+ rCorr Dex+2 Stlth+}
   (You found it on level 11 of the Dungeon)

   [ring of willpower]

   Dex:       It affects your dexterity (+2).
   rC:        It protects you from cold.
   rCorr:     It protects you from acid and corrosion.
   Will:      It increases your willpower.
   Stlth:     It makes you more stealthy.
Wands
 n - a wand of charming (6)
 v - a wand of mindburst (25)
 x - a wand of iceblast (2)
 J - a wand of acid (33)
 R - a wand of digging (8)
 T - a wand of polymorph (9)
Scrolls
 e - 6 scrolls of blinking
 h - 6 scrolls of magic mapping
 i - 10 scrolls of fear
 m - 2 scrolls of summoning
 q - 5 scrolls of immolation
 r - 5 scrolls of silence
 s - 5 scrolls of vulnerability
 t - 5 scrolls of teleportation
 w - 5 scrolls of fog
 D - 2 scrolls of torment
 L - 2 scrolls of identify
 Q - 4 scrolls of holy word
 Y - 2 scrolls of enchant armour
Potions
 j - 6 potions of curing
 o - 2 potions of lignification
 y - 2 potions of resistance
 z - 3 potions of haste
 E - 2 potions of might
 H - 6 potions of attraction
 O - 2 potions of berserk rage
 S - a potion of cancellation
 X - a potion of invisibility


   Skills:
 + Level 14.7 Fighting
 + Level 9.8(10.7) Axes
 - Level 6.8(9.3) Maces & Flails
 - Level 10.4(10.6) Slings
 - Level 3.0(7.3) Throwing
 + Level 12.0 Armour
 + Level 12.4 Dodging
 + Level 11.0 Shields
 - Level 10.0 Evocations


You had 16 spell levels left.
You didn't know any spells.
Your spell library contained the following spells:

 Spells                   Type           Power      Damage    Failure   Level
 Animate Skeleton         Necr           0%         N/A       98%         1
 Apportation              Tloc           0%         N/A       98%         1
 Foxfire                  Conj/Fire      0%         2x1d4     98%         1
 Magic Dart               Conj           0%         1d3       98%         1
 Pain                     Necr           0%         1d4       98%         1
 Sandblast                Erth           0%         2d4       98%         1
 Slow                     Hex            0%         N/A       98%         1
 Summon Small Mammal      Summ           0%         N/A       98%         1
 Passwall                 Tmut/Erth      0%         N/A       99%         2
 Call Canine Familiar     Summ           0%         N/A       100%        3
 Confusing Touch          Hex            0%         N/A       100%        3
 Conjure Flame            Conj/Fire      0%         6-21      100%        3
 Dazzling Flash           Conj/Hex       0%         N/A       100%        3
 Gell's Gravitas          Tloc           0%         N/A       100%        3
 Inner Flame              Hex/Fire       0%         N/A       100%        3
 Lesser Beckoning         Tloc           0%         N/A       100%        3
 Portal Projectile        Hex/Tloc       0%         N/A       100%        3
 Stone Arrow              Conj/Erth      0%         3d7       100%        3
 Teleport Other           Tloc           0%         N/A       100%        3
 Tukima's Dance           Hex            0%         N/A       100%        3
 Vampiric Draining        Necr           0%         2d6       100%        3
 Animate Dead             Necr           0%         N/A       100%        4
 Cause Fear               Hex            0%         N/A       100%        4
 Flame Wave               Conj/Fire      0%         2d4       100%        4
 Leda's Liquefaction      Hex/Erth       0%         N/A       100%        4
 Passage of Golubria      Tloc           0%         N/A       100%        4
 Petrify                  Tmut/Erth      0%         N/A       100%        4
 Borgnjor's Vile Clutch   Necr/Erth      0%         N/A       100%        5
 Metabolic Englaciation   Hex/Ice        0%         N/A       100%        5
 Summon Forest            Summ/Tloc      0%         N/A       100%        5
 Summon Mana Viper        Hex/Summ       0%         N/A       100%        5
 Yara's Violent Unravell  Hex/Tmut       0%         3d3       100%        5
 Death Channel            Necr           0%         N/A       100%        6
 Statue Form              Tmut/Erth      0%         N/A       100%        6
 Summon Cactus Giant      Summ           0%         N/A       100%        6
 Dragon Form              Tmut           0%         N/A       100%        7
 Haunt                    Necr/Summ      0%         N/A       100%        7
 Orb of Destruction       Conj           0%         N/A       100%        7
 Lehudib's Crystal Spear  Conj/Erth      0%         10d2      100%        8
 Dragon's Call            Summ           0%         N/A       100%        9


Dungeon Overview and Level Annotations

Branches:
Dungeon (14/15)            Temple (1/1) D:6            Lair (6/6) D:8
  Snake (0/4) Lair:3       Spider (0/4) Lair:2        Slime (0/5) Lair:5
    Orc (2/2) D:10            Elf (3/3) Orc:2        Vaults (0/5) D:14
 Bailey (visited)

Altars:
Ashenzari
Cheibriados
Dithmenos
Elyvilon
Fedhas
Gozag
Hepliaklqana
Kikubaaqudgha
Makhleb
Nemelex Xobeh
Okawaru
Qazlal
Ru
Sif Muna
Trog
Uskayaw
Vehumet
Wu Jian
Xom
Yredelemnul
Zin
The Shining One
Beogh
Jiyva

Shops:
D:5 *   D:11 *   Orc:2 *=*=[[?   Elf:1 (((*

Annotations:
Elf:3 2 runed translucent doors, Asterion; dang3rdave's ghost, adept DjCj


Innate Abilities, Weirdness & Mutations

You have very sharp fingernails.
You are completely covered in slimy green scales. (AC +4, rPois)
A demonic guardian rushes to your aid.
You are mostly covered in sharp spines.


Message History

The azure jelly quivers.
You feel extremely sick.
The azure jelly hits you but does no damage.
You block the azure jelly's attack.
The azure jelly hits you but does no damage.
The azure jelly misses you.
There is a stone staircase leading down here.
You hit the azure jelly but do no damage.
You feel very sick.
The azure jelly is struck by your spines.
The azure jelly hits you but does no damage. x3
The azure jelly misses you.
The azure jelly hits you but does no damage.
The azure jelly barely misses you. You block the azure jelly's attack.
The azure jelly barely misses you.
You slice the azure jelly!!
The azure jelly is moderately wounded.
You feel very sick.
The azure jelly hits you but does no damage. x2
You block the azure jelly's attack.
The azure jelly hits you but does no damage.
You slash the azure jelly!
The azure jelly is heavily wounded.
You feel sick. You block the azure jelly's attack.
The azure jelly closely misses you. You block the azure jelly's attack. x2
The azure jelly hits you!
* * * LOW HITPOINT WARNING * * *
A demonic guardian appears!
The azure jelly freezes you!
* * * LOW HITPOINT WARNING * * *
The azure jelly barely misses you.
The azure jelly hits you but does no damage.
The azure jelly completely misses you.
You feel sick.
Your orange demon stings the azure jelly from afar.
The azure jelly is struck by your spines.
The azure jelly completely misses you. The azure jelly hits you.
* * * LOW HITPOINT WARNING * * *
The azure jelly freezes you!!
You die...
Your body crumbles into a pile of gold.

[.................+........'.....
).................###########))..
).................####### ##'#...
................#'#.....###.#####
......##......=###.......#'##
#...####.......##......[..##
##### #.......##..[.[....#
#.....####>.[P8....#
##....'.4@J........# ####
#...#####.........# ###..# ##.##
##...[...## #....# #.# ##'.....##
..)..# ### ##.###'##########
#..<.# ##.## #.[........# '##..#
##.## #))#######.# ###### ###
##.## #.)8...>_#.## # ###.###.##
#'.#######..#


You could see an azure jelly (ally target) and a friendly orange demon
(summoned).

Vanquished Creatures
  The ghost of Zasomp the Slayer, a veteran MiFi of Hepliaklqana (Elf:2)
  Jorgrun (Elf:1)
  An azure jelly (Elf:2)
  Louise (Elf:1)
  An orc warlord (Orc:2)
  The ghost of ryw the Archer, a journeyman DsHu of Hepliaklqana (Orc:1)
  2 quicksilver oozes (Elf:2)
  A stone giant (Orc:1)
  4 deep elf annihilators (Elf:3)
  6 deep elf demonologists
  A deep elf death mage (Elf:1)
  Snorg (D:14)
  2 deep elf high priests (Elf:3)
  2 boulder beetles
  Erolcha (Orc:2)
  11 hydras
  2 catoblepae
  7 two-headed ogres
  Erica (D:10)
  3 centaur warriors (D:13)
  2 tengu warriors (D:13)
  A deep troll shaman (Lair:6)
  7 death yaks
  6 orc high priests
  Sonja (Lair:3)
  15 deep elf knights
  A fire crab (Lair:2)
  A skeletal warrior (D:14)
  10 deep elf archers
  A wizard (D:14)
  22 deep elf pyromancers
  10 orc knights
  7 orc sorcerers
  2 ugly things (D:13)
  23 deep elf zephyrmancers
  A cyclops (Orc:1)
  3 manticores
  2 elephants (Lair:6)
  An eye of devastation (Elf:2)
  Joseph (D:8)
  5 black mambas
  A black mamba (shapeshifter) (Elf:1)
  14 cane toads
  5 rime drakes
  A kobold demonologist (D:11)
  An efreet (D:13)
  3 unseen horrors
  4 yaktaurs
  9 komodo dragons
  A tengu conjurer (D:13)
  9 trolls
  3 hornets
  5 meliai (D:14)
  4 polar bears
  Prince Ribbit (D:7)
  40 blink frogs
  3 slime creatures (Elf:2)
  7 dream sheep
  2 air elementals
  2 water elementals
  Sigmund (D:5)
  A vampire (D:13)
  A wyvern (D:8)
  5 basilisks
  57 yaks
  2 wraiths
  2 steam dragons
  5 vampire mosquitoes
  4 wargs
  2 acid dragons
  A floating eye (Elf:2)
  23 water moccasins
  38 orc warriors
  A sky beast (D:8)
  An ice beast (D:5)
  12 ogres
  10 wolves
  12 centaurs
  A phantom (D:6)
  Blork the orc (D:6)
  6 kobold brigands (Bailey)
  3 gnoll sergeants
  2 earth elementals
  4 scorpions
  10 bullfrogs
  5 killer bees (D:8)
  5 wights (D:9)
  3 howler monkeys
  An electric eel (D:14)
  4 centaur zombies
  4 hounds
  21 orc priests
  A jelly (D:6)
  5 centaur skeletons
  A bullfrog skeleton (D:6)
  2 gnoll shamans (D:7)
  2 iguanas
  22 orc wizards
  A killer bee zombie (D:5)
  2 hound zombies (D:5)
  A howler monkey zombie (D:9)
  22 gnolls
  A howler monkey skeleton (D:4)
  12 adders
  3 white imps
  An adder skeleton (D:5)
  2 worms
  A dart slug (D:2)
  79 orcs
  5 ball pythons
  9 bats
  3 endoplasms
  4 giant cockroaches
  8 goblins
  3 hobgoblins
  4 jackals
  10 kobolds
  2 quokkas
  8 frilled lizards
  7 rats (D:1)
756 creatures vanquished.

Vanquished Creatures (collateral kills)
  Rupert (D:14)
  A fire dragon (D:14)
  A great orb of eyes (Elf:2)
  A hydra (Lair:4)
  The ghost of bande the Cleaver, a journeyman GrFi of Okawaru (Lair:1)
  2 death yaks
  2 dancing weapons (Elf:2)
  2 deep elf pyromancers (Elf:2)
  An orc knight (Orc:2)
  2 orc sorcerers (Orc:2)
  A meliai (D:14)
  A yak (Lair:3)
  An orc warrior (Orc:2)
  An ogre (Orc:2)
  An orc priest (Orc:2)
19 creatures vanquished.

Vanquished Creatures (others)
  An ogre mage (D:14)
  A centaur warrior (D:14)
  17 dancing weapons
  An earth elemental (Elf:2)
  An orc (Orc:2)
  57 fungi
  46 plants
  2 toadstools (D:14)
126 creatures vanquished.

Grand Total: 901 creatures vanquished

Notes
Turn   | Place    | Note
-------+----------+-------------------------------------------
     0 | D:1      | flotson the Demonspawn Gladiator began the quest for the
                  | Orb.
     0 | D:1      | Reached XP level 1. HP: 16/16 MP: 1/1
   106 | D:1      | Gained mutation: A weak demonic guardian rushes to your
                  | aid. [demonic ancestry]
   106 | D:1      | Reached XP level 2. HP: 22/22 MP: 2/2
   740 | D:1      | Found a faded altar of an unknown god.
  1376 | D:2      | Gained mutation: A demonic guardian rushes to your aid.
                  | [demonic ancestry]
  1376 | D:2      | Reached XP level 3. HP: 28/28 MP: 3/3
  1949 | D:2      | Identified the +11 hunting sling of the Skies Above {flame,
                  | rC++}
  2251 | D:3      | Gained mutation: You have sharp fingernails. [demonic
                  | ancestry]
  2251 | D:3      | Reached XP level 4. HP: 34/34 MP: 4/4
  2251 | D:3      | Noticed a scorpion
  2253 | D:3      | Killed a scorpion
  2254 | D:3      | Reached skill level 3 in Fighting
  2392 | D:3      | Reached XP level 5. HP: 41/41 MP: 5/5
  2602 | D:3      | Reached skill level 1 in Armour
  2662 | D:3      | Found a bloodstained altar of Trog.
  2662 | D:3      | Found a radiant altar of Vehumet.
  3114 | D:4      | Identified the +6 hunting sling "Vuwezoy" {speed, Int+4}
  3380 | D:4      | Reached skill level 1 in Evocations
  3569 | D:5      | Entered Level 5 of the Dungeon
  3644 | D:5      | Gained mutation: You have very sharp fingernails. [demonic
                  | ancestry]
  3644 | D:5      | Reached XP level 6. HP: 43/47 MP: 6/6
  3702 | D:5      | Reached skill level 1 in Shields
  3914 | D:5      | Noticed a steam dragon
  3921 | D:5      | Killed a steam dragon
  3922 | D:5      | Reached skill level 1 in Slings
  3922 | D:5      | Gained mutation: You are partially covered in slimy green
                  | scales. (AC +2) [demonic ancestry]
  3922 | D:5      | Reached XP level 7. HP: 44/53 MP: 7/7
  4073 | D:5      | Noticed Sigmund
  4077 | D:5      | Killed Sigmund
  4078 | D:5      | Reached skill level 4 in Fighting
  4338 | D:5      | Gained mutation: You are mostly covered in slimy green
                  | scales. (AC +3) [demonic ancestry]
  4338 | D:5      | Reached XP level 8. HP: 61/61 MP: 8/8
  4367 | D:5      | Found Jerai's Serpentskin Sales.
  4526 | D:5      | Bought 3 curare-tipped darts for 19 gold pieces
  4868 | D:6      | Identified the +1 leather armour "Mihorch" {rF+}
  4878 | D:6      | Found a basalt altar of Yredelemnul.
  4998 | D:6      | Noticed Blork the orc
  5003 | D:6      | Killed Blork the orc
  5246 | D:6      | Reached skill level 5 in Dodging
  5320 | D:6      | Found a staircase to the Ecumenical Temple.
  5329 | Temple   | Entered the Ecumenical Temple
  5544 | Temple   | Became a worshipper of Gozag Ym Sagoz the Greedy
  5574 | D:6      | Reached skill level 5 in Fighting
  5578 | D:6      | Gained mutation: You are completely covered in slimy green
                  | scales. (AC +4, rPois) [demonic ancestry]
  5578 | D:6      | Reached XP level 9. HP: 68/68 MP: 9/9
  6186 | D:7      | Noticed Prince Ribbit
  6195 | D:7      | Killed Prince Ribbit
  6202 | D:7      | Reached skill level 5 in Evocations
  6311 | D:7      | Reached skill level 6 in Fighting
  6885 | D:8      | Noticed Joseph
  6894 | D:8      | Killed Joseph
  7074 | D:8      | Reached XP level 10. HP: 76/76 MP: 10/10
  7093 | D:8      | Reached skill level 5 in Armour
  7129 | D:8      | Noticed a two-headed ogre
  7144 | D:8      | Killed a two-headed ogre
  7145 | D:8      | Reached skill level 5 in Slings
  7145 | D:8      | Reached skill level 5 in Shields
  7171 | D:8      | Found a staircase to the Lair.
  7327 | D:8      | Found a flagged portal.
  7338 | Bailey   | Entered a bailey
  7484 | Bailey   | Found a burning altar of Makhleb.
  8030 | D:9      | You fall into a shaft and drop 3 floors!
  8193 | D:12     | Noticed a two-headed ogre
  8204 | D:12     | Killed a two-headed ogre
  8205 | D:12     | Reached skill level 7 in Fighting
  8383 | D:10     | Entered Level 10 of the Dungeon
  8473 | D:10     | Reached XP level 11. HP: 84/84 MP: 11/11
  9443 | D:9      | Noticed a two-headed ogre
  9451 | D:9      | Killed a two-headed ogre
  9565 | D:10     | Found a staircase to the Orcish Mines.
 10004 | Lair:1   | Entered Level 1 of the Lair of Beasts
 10018 | Lair:1   | Noticed bande's ghost (journeyman GrFi)
 10029 | Lair:1   | Found a transporter.
 10037 | Lair:1   | Found a transporter.
 10242 | Lair:1   | Noticed a four-headed hydra
 10246 | Lair:1   | Killed a four-headed hydra
 10418 | Lair:1   | Reached skill level 8 in Fighting
 10523 | Lair:1   | Got the Reference Book on Conjuration
 11288 | Lair:2   | Reached XP level 12. HP: 82/92 MP: 10/12
 11508 | Lair:2   | Noticed a boulder beetle
 11524 | Lair:2   | Killed a boulder beetle
 11525 | Lair:2   | Reached skill level 5 in Axes
 11699 | Lair:2   | Found a hole to the Spider Nest.
 12865 | Lair:3   | Found a staircase to the Snake Pit.
 12963 | Lair:3   | Noticed a seven-headed hydra
 12969 | Lair:3   | Killed a seven-headed hydra
 13376 | Lair:3   | Noticed a six-headed hydra
 13386 | Lair:3   | Killed a six-headed hydra
 13546 | Lair:3   | Reached skill level 9 in Fighting
 13573 | Lair:3   | Noticed Sonja
 13575 | Lair:3   | Killed Sonja
 13634 | Lair:4   | Noticed a death yak
 13647 | Lair:4   | Killed a death yak
 13651 | Lair:4   | Noticed a death yak
 13651 | Lair:4   | Noticed a five-headed hydra
 13651 | Lair:4   | Noticed a death yak
 13667 | Lair:3   | Killed a death yak
 13668 | Lair:3   | Gained mutation: You are partially covered in sharp spines.
                  | [demonic ancestry]
 13668 | Lair:3   | Reached XP level 13. HP: 84/101 MP: 13/13
 13953 | Lair:4   | Found a basalt altar of Yredelemnul.
 15164 | Lair:5   | Found a staircase to the Slime Pits.
 15187 | Lair:5   | Identified the +1 leather armour "Headysem" {Regen+ Int+4
                  | Dex+9 Stlth-}
 15813 | Lair:6   | Entered Level 6 of the Lair of Beasts
 16242 | Lair:6   | Reached skill level 10 in Fighting
 16404 | Lair:6   | Gained mutation: You are mostly covered in sharp spines.
                  | [demonic ancestry]
 16404 | Lair:6   | Reached XP level 14. HP: 102/110 MP: 14/14
 17584 | Lair:1   | Killed bande's ghost
 17747 | Lair:1   | Identified the +3 hand crossbow of Wuisa {penet, rF+}
 17961 | D:11     | Found Matwiduff's General Store.
 17967 | D:11     | Bought a potion of invisibility for 104 gold pieces
 17967 | D:11     | Bought a scroll of enchant armour for 97 gold pieces
 18412 | D:11     | Identified the ring of Cuthon {rC+ Will+ rCorr Dex+2
                  | Stlth+}
 18430 | D:11     | Reached skill level 10 in Evocations
 20306 | D:13     | Reached skill level 10 in Dodging
 20366 | D:13     | Found a shimmering blue altar of Sif Muna.
 21178 | D:14     | Reached skill level 10 in Slings
 21816 | D:14     | Noticed Snorg
 21828 | D:14     | Killed Snorg
 21931 | D:14     | Reached skill level 11 in Fighting
 21969 | D:14     | Reached XP level 15. HP: 118/118 MP: 15/15
 22046 | D:14     | Found a gate to the Vaults.
 22085 | D:14     | Noticed Rupert
 22091 | D:14     | Paralysed by Rupert for 5 turns
 22097 | D:14     | Killed Rupert
 22733 | Orc:1    | Entered Level 1 of the Orcish Mines
 22752 | Orc:1    | Noticed Erica
 22763 | D:10     | Killed Erica
 23312 | Orc:1    | Reached skill level 10 in Armour
 23449 | Orc:1    | Reached skill level 10 in Shields
 23829 | Orc:1    | Reached skill level 1 in Maces & Flails
 24030 | Orc:1    | Found a runed translucent door.
 24031 | Orc:1    | Noticed ryw's ghost (journeyman DsHu)
 24245 | Orc:1    | Killed ryw's ghost
 24315 | Orc:2    | Entered Level 2 of the Orcish Mines
 24349 | Orc:2    | Noticed an orc warlord
 24610 | Orc:2    | Noticed Erolcha
 24618 | Orc:2    | Killed Erolcha
 24709 | Orc:2    | Found a staircase to the Elven Halls.
 24846 | Orc:2    | Killed an orc warlord
 25530 | Orc:2    | Found Vixzauxt's Assorted Antiques.
 25530 | Orc:2    | Found Ycaciweg's Jewellery Emporium.
 25539 | Orc:2    | Found Oqufif Miann's Assorted Antiques.
 25539 | Orc:2    | Found Woysuirgh's Magic Scroll Boutique.
 25556 | Orc:2    | Bought a scroll of identify for 42 gold pieces
 25556 | Orc:2    | Bought a smoky white potion for 18 gold pieces
 25556 | Orc:2    | Bought a scroll labelled SUIFOPAEXUJO for 21 gold pieces
 25556 | Orc:2    | Bought a scroll of teleportation for 63 gold pieces
 25556 | Orc:2    | Bought a scroll of teleportation for 63 gold pieces
 25556 | Orc:2    | Bought a potion of haste for 210 gold pieces
 25561 | Orc:2    | Bought a scroll of identify for 22 gold pieces
 25561 | Orc:2    | Bought a scroll of amnesia for 38 gold pieces
 25561 | Orc:2    | Bought a scroll of holy word for 82 gold pieces
 25561 | Orc:2    | Bought a scroll of holy word for 82 gold pieces
 25561 | Orc:2    | Bought a scroll of identify for 22 gold pieces
 25561 | Orc:2    | Bought a scroll of vulnerability for 82 gold pieces
 25561 | Orc:2    | Bought a scroll of immolation for 38 gold pieces
 25561 | Orc:2    | Bought a scroll of identify for 22 gold pieces
 25561 | Orc:2    | Bought a scroll of teleportation for 33 gold pieces
 25561 | Orc:2    | Bought a scroll of magic mapping for 38 gold pieces
 25575 | Orc:2    | Bought the +2 hat of the Bear Spirit {Spirit, *Rage Will++}
                  | for 849 gold pieces
 25575 | Orc:2    | Found the +2 hat of the Bear Spirit {Spirit, *Rage Will++}
 25575 | Orc:2    | Bought a scroll labelled NEDOKHL JIROUL for 29 gold pieces
 25704 | Orc:2    | Bought a pair of masterwork boots for 275 gold pieces
 25704 | Orc:2    | Identified the +0 pair of boots "Losimn" {rF- rC+ rN+
                  | Dex+5} (You bought it in a shop on level 2 of the Orcish
                  | Mines)
 25704 | Orc:2    | Bought a jasper-studded scale mail for 261 gold pieces
 25704 | Orc:2    | Identified the +4 scale mail of the Vaults {Str+6} (You
                  | bought it in a shop on level 2 of the Orcish Mines)
 25718 | Orc:2    | Bought a scroll of acquirement for 832 gold pieces
 25718 | Orc:2    | Bought a scroll of identify for 32 gold pieces
 25718 | Orc:2    | Bought a scroll of enchant weapon for 120 gold pieces
 25718 | Orc:2    | Bought a scroll of blinking for 120 gold pieces
 25718 | Orc:2    | Bought a scroll of fear for 56 gold pieces
 25724 | Orc:2    | Acquired the +8 mithril axe "Arga" {speed, Will+}
 25724 | Orc:2    | Found the +8 mithril axe "Arga" {speed, Will+}
 25726 | Orc:2    | Acquired 427 gold pieces
 25728 | Orc:2    | Acquired a manual of Fighting
 25753 | Elf:1    | Entered Level 1 of the Elven Halls
 25994 | Elf:1    | Reached skill level 12 in Fighting
 26030 | Elf:1    | You fall into a shaft and drop 1 floor!
 26038 | Elf:2    | Reached skill level 5 in Maces & Flails
 26226 | Elf:1    | Reached XP level 16. HP: 108/129 MP: 13/16
 26499 | Orc:2    | Bought the ring "Qief Dovo" {Fire Str+7 Dex+2} for 712 gold
                  | pieces
 26618 | Elf:1    | Found Cefocsah's Antique Weapon Emporium.
 26618 | Elf:1    | Found Nexe's Weapon Shoppe.
 26618 | Elf:1    | Noticed Jorgrun
 26620 | Elf:1    | Found Efotte's Weapon Shoppe.
 26622 | Elf:1    | Found Parrack's Assorted Antiques.
 26630 | Elf:1    | Killed Jorgrun
 26806 | Elf:1    | Paralysed by an air elemental for 1 turns
 26949 | Elf:1    | Noticed Louise
 26972 | Elf:1    | Killed Louise
 26973 | Elf:1    | Reached skill level 13 in Fighting
 27036 | Elf:1    | Got Heboack's Volume of the Entourage
 27112 | Elf:2    | Paralysed by an air elemental for 1 turns
 27119 | Elf:2    | Paralysed by an air elemental for 1 turns
 27127 | Elf:2    | Paralysed by an air elemental for 1 turns
 27130 | Elf:2    | Paralysed by an air elemental for 1 turns
 27257 | Elf:2    | Found an ancient bone altar of Kikubaaqudgha.
 27297 | Elf:2    | Noticed a Hell Sentinel
 27754 | Elf:2    | Found a huge runed translucent gate.
 27754 | Elf:2    | Found a huge runed translucent gate.
 27754 | Elf:2    | Found a huge runed translucent gate.
 27754 | Elf:2    | Found a huge runed translucent gate.
 27755 | Elf:2    | Found a huge runed translucent gate.
 28316 | Elf:2    | Reached skill level 14 in Fighting
 28807 | Elf:2    | Found a runed translucent gate.
 28807 | Elf:2    | Found a runed translucent gate.
 28808 | Elf:2    | Found a runed translucent gate.
 28810 | Elf:2    | Noticed Zasomp's ghost (veteran MiFi)
 28813 | Elf:2    | Found a viscous altar of Jiyva.
 28820 | Elf:2    | Paralysed by a floating eye for 2 turns
 29344 | Elf:2    | Killed Zasomp's ghost
 29421 | Elf:3    | Entered Level 3 of the Elven Halls
 29516 | Elf:3    | Reached XP level 17. HP: 140/140 MP: 17/17
 29645 | Elf:3    | Found a large runed translucent door.
 29646 | Elf:3    | Found a large runed translucent door.
 29646 | Elf:3    | Noticed dang3rdave's ghost (adept DjCj)
 29998 | Elf:3    | Noticed Asterion
 30015 | Elf:3    | Noticed an Ice Fiend
 30029 | Elf:2    | Slain by an azure jelly

Illustrated notes

Levels and vault maps discovered:
D:1:      dpeg_arrival_subterranean_lakeside_camping, layout_basic,
          dilly_ecumenical_altar_fadedgnrine
D:2:      layout_basic
D:3:      layout_loops_ring, gammafunk_temple_overflow_pools
D:4:      layout_loops_ring, grunt_decor_junction
D:5:      minmay_spotlight, layout_basic, nrook_campfire, guppyfry_shop_venom,
          uniq_sigmund
D:6:      layout_loops_ring, mainiacjoe_overflow_cross_hatched,
          minmay_temple_entry_sparse_star, grunt_decor_fettered, st_stairs_4,
          bh_walls_and_bars, uniq_blork_the_orc
D:7:      layout_basic, minmay_misc_feat_tiny, uniq_prince_ribbit1
D:8:      layout_basic, dpeg_oklobed_lair, enter_bailey_3, uniq_joseph
D:9:      layout_basic
D:10:     layout_rooms, chequers_arboretum
D:11:     kennysheep_blocky_hall, layout_layer_cave, serial_shops, shop,
          kennysheep_another_room, minivault_27
D:12:     layout_long_grid
D:13:     layout_gridville, led_sif_pool
D:14:     layout_roguey, hangedman_vaults_entry_quadrant_bands,
          nicolae_water_bricks, minmay_gold_behind_fungi, uniq_rupert,
          uniq_snorg
Temple:   mainiacjoe_temple_bowtie_tessellation
Lair:1:   layout_small_grid, gammafunk_ghost_arena, st_stairs_11
Lair:2:   layout_long_grid, nicolae_spider_entry_non_spiders
Lair:3:   layout_gridlike, dummy_snake_entry, grunt_megastairs_5,
          lemuel_fruit_tree, uniq_sonja
Lair:4:   layout_loops_ring, basic_altar
Lair:5:   layout_loops_ring, slime_dummy, serial_bayou_shore_a,
          infiniplex_staircase_pool_2
Lair:6:   grunt_lair_end_beastmaster, layout_concentric_octagons
Orc:1:    layout_diamond_mine, gammafunk_ghost_grave,
          hellmonk_guarded_unrand_dark_maul, uniq_erica
Orc:2:    grunt_orc_tribal_feast, layout_caves, minmay_orc_temple_b,
          uniq_erolcha
Elf:1:    nicolae_elf_arrival_no_cutting_in_line, layout_geoelf_grid,
          minmay_elf_demonology, minmay_shoptagon, uniq_jorgrun, uniq_louise
Elf:2:    elven_hall_of_blades_hangedman_alternative
          [nicolae_blade_little_rooms], layout_geoelf_octagon,
          portal_desolation_entry_nicolae_slug, gammafunk_ghost_ooze,
          nrook_loot_triangle, lemuel_statue_altar
Elf:3:    minmay_elf_hall_curves, layout_geoelf_grid,
          ebering_ghost_disaster_area, basic_altar, uniq_asterion

Skill      XL: |  1  2  3  4  5  6  7  8  9 10 11 12 13 14 15 16 17 |
---------------+----------------------------------------------------+-----
Throwing       | 2 3 |  3.0
Axes           | 3 4 6 7 8 9 |  9.8
Dodging        | 3 4 5 6 7 8 9 10 11 12 | 12.4
Fighting       | 3 4 5 6 7 8 9 10 11 12 14 | 14.7
Armour         | 1 2 3 4 6 7 8 9 10 11 12 | 12.0
Evocations     | 1 2 3 4 5 6 7 8 9 10 | 10.0
Shields        | 1 2 3 4 5 6 7 8 9 10 11 | 11.0
Slings         | 1 2 3 4 5 7 8 9 10 | 10.4
Maces & Flails | 5 6 |  6.8

Action                   |  1- 3 |  4- 6 |  7- 9 | 10-12 | 13-15 | 16-18 || total
-------------------------+-------+-------+-------+-------+-------+-------++-------
Melee: War axe           |    54 |       |       |       |       |       ||    54
       Dagger            |     6 |       |       |     3 |       |       ||     9
       Broad axe         |       |       |       |       |   110 |   468 ||   578
       Maul              |       |       |       |       |    45 |       ||    45
       Punch             |       |       |       |       |       |     3 ||     3
 Fire: Hunting sling     |    28 |    85 |   183 |   608 |  1496 |    19 ||  2419
       Hand crossbow     |       |       |       |       |     4 |     2 ||     6
Throw: Dart              |       |       |       |     2 |       |       ||     2
Invok: Call Merchant     |       |       |       |       |     4 |       ||     4
Evoke: Wand              |       |       |       |     2 |       |       ||     2
  Use: Scroll            |       |       |       |     9 |    10 |     9 ||    28
       Potion            |       |       |       |       |     2 |     2 ||     4
 Stab: Distracted        |       |       |       |       |     5 |     2 ||     7
Armor: Leather armour    |    17 |       |       |       |       |       ||    17
       Ring mail         |     6 |     9 |       |       |       |       ||    15
       Scale mail        |       |       |    22 |    68 |   228 |   144 ||   462
Dodge: Dodged            |    44 |    16 |    26 |    93 |   499 |   173 ||   851
       Repelled          |       |       |       |       |     7 |    19 ||    26
Block: Buckler           |       |     4 |    17 |    47 |   153 |       ||   221
       Tower shield      |       |       |       |       |       |   237 ||   237

Table legend: (Time is in decaauts)
 A = Elapsed time spent in this place.
 B = Non-inter-level travel time spent in this place.
 C = Inter-level travel time spent in this place.
 D = Time resting spent in this place.
 E = Time spent auto-exploring this place.
 F = Levels seen in this place.
 G = Mean time per level.
                   A        B        C        D        E       F      G
               +--------+--------+--------+--------+--------+-----+--------+
         Total |  29849 |  28515 |   1334 |   1288 |  21181 |  27 | 1105.5 |
       Dungeon |  14457 |  13663 |    794 |    187 |  11066 |  14 | 1032.6 |
        Temple |    224 |    215 |      9 |      0 |    191 |   1 |  224.0 |
          Lair |   7599 |   7328 |    271 |      0 |   6013 |   6 | 1266.5 |
  Orcish Mines |   3096 |   2958 |    138 |    117 |   1866 |   2 | 1548.0 |
   Elven Halls |   4264 |   4142 |    122 |    984 |   1933 |   3 | 1421.3 |
        Bailey |    207 |    207 |      0 |      0 |    111 |   1 |  207.0 |
               +--------+--------+--------+--------+--------+-----+--------+

Top non-repeatable levels by time:
   Elf:2: 2625 daAuts
   Orc:1: 1772 daAuts
  Lair:2: 1599 daAuts
  Lair:6: 1584 daAuts
    D:13: 1443 daAuts
    D:11: 1379 daAuts
   Orc:2: 1324 daAuts
    D:14: 1267 daAuts
  Lair:1: 1234 daAuts
     D:5: 1199 daAuts
     D:2: 1138 daAuts
  Lair:4: 1095 daAuts
  Lair:3: 1095 daAuts
     D:1: 1036 daAuts
     D:7: 1035 daAuts
